[Event "3rd VIZAG GM-Open 2022"]
[Site "Visakapatnam"]
[Date "2022.06.15"]
[Round "8.15"]
[White "Bharat Kumar Reddy Poluri"]
[Black "Nguyen, Duc Hoa"]
[Result "1-0"]
[ECO "B80"]
[WhiteElo "2224"]
[BlackElo "2398"]
[Annotator "TA"]
[PlyCount "115"]
[EventDate "2022.06.13"]
[EventType "swiss"]
[EventCountry "IND"]
[SourceTitle "playchess.com"]
[Source "ChessBase"]
[SourceQuality "1"]
[TimeControl "5400+30"]

1. e4 c5 2. Nf3 e6 3. d4 cxd4 4. Nxd4 Nc6 5. Nc3 Qc7 6. g3 a6 7. Bg2 Nf6 8. O-O d6 9. Nb3 Be7 10. a4 b6 11. f4 Bb7 12. Be3 O-O 13. g4 {[%emt 0:00:30] B80: Sicilian Scheveningen: 6 g3 and 6 Be3, including English Attack.} Nd7 14. g5 Rfe8 15. h4 {[%emt 0:00:30] [#] White is slightly better.} Rad8 $146 ({Predecessor:} 15... Bf8 16. h5 Nb4 17. Rc1 Rad8 18. Ne2 Nc5 19. Qe1 a5 20. Nxc5 bxc5 21. g6 fxg6 22. hxg6 hxg6 {1-0 (30) Kosintseva,N (2415)-Cvitan,O (2527) Biel 2004}) 16. h5 Bf8 17. Qe2 d5 18. exd5 Nb4 19. dxe6 Rxe6 {[%emt 0:00:30] White must now prevent ...Nc5.} 20. Bxb7 Qxb7 21. Nd4 Rxe3 {[%emt 0:00:30] White now steadily converts the win.} 22. Qxe3 $16 Bc5 {And now ...Nxc2 would win.} 23. Ne4 $1 Bxd4 (23... Qd5 {was called for.} 24. Nxc5 bxc5) 24. Qxd4 $18 Nxc2 {[%emt 0:00:30] [#]} 25. Qc4 Rc8 {[%emt 0:00:30] [#]} (25... Ne3 26. Qxf7+) 26. Qd3 Nxa1 27. Nd6 $1 (27. Rxa1 Nc5 28. Nxc5 bxc5 $11) 27... Qc7 (27... Nc5 $2 28. Qh3 Qc7 29. Qxc8+ Qxc8 30. Nxc8 $18) 28. Nxc8 (28. Rxa1 Nc5 29. Qf5 Rd8 $17) 28... Nc5 {[%emt 0:00:30] [#]} 29. Qe2 Qxc8 30. Rxa1 {[%emt 0:00:30][%mdl 4096] Endgame KQR-KQN} Ne6 31. Qe3 h6 32. g6 (32. Qxb6 Nxf4 33. Qe3 Qg4+ 34. Kf2 Qg2+ 35. Ke1 Qh1+ 36. Kf2 Qxa1 $19) 32... fxg6 33. hxg6 Nf8 34. Qb3+ (34. Qxb6 $6 Qg4+ 35. Kf2 Nxg6 $16) 34... Kh8 35. Qxb6 (35. Qg3 $6 Qc5+ 36. Kg2 Qc6+ 37. Kh2 Qc2+ 38. Qg2 Qf5 $14) 35... Qg4+ {[%emt 0:00:30] [#]} 36. Kf2 $1 {[%emt 0:00:30] Hoping for Qd6.} Qxf4+ (36... Nxg6 $16 37. Qd8+ Kh7) 37. Ke2 Qe4+ {[%emt 0:00:30] [#]} (37... a5 $142 38. Qxa5 Qh2+ 39. Kd3 Qxb2) 38. Kd2 $1 (38. Qe3 Qc2+ 39. Kf1 Nxg6 $11) 38... Qg2+ 39. Kc3 Nxg6 40. Rg1 (40. Qxa6 $142 Qg3+ 41. Qd3 Qc7+ 42. Qc4 Qg3+ 43. Qd3 Qc7+ 44. Qc4 Qg3+ 45. Qd3) 40... Qf3+ 41. Kb4 Qe4+ (41... Nf4 {might work better.} 42. Qd8+ (42. Qxa6 Nd3+ 43. Ka5 Qd5+ 44. Qb5 Qa8+ 45. Kb6 Nxb2 $11) 42... Kh7) 42. Ka3 {[%emt 0:00:30] Really sharp!} Ne5 {[%emt 0:00:30] ( -> ...Nc4+)} 43. b3 {[%emt 0:00:30] Against Nc4+} ({Not} 43. Qa7 Qd3+ 44. Ka2 Qc4+ 45. Ka3 (45. b3 Qc2+ 46. Ka3 Ng4 $18) 45... Nd7 $18) 43... Nd3 44. Rd1 {[%emt 0:00:30] Threatens to win with Qd8+.} Kh7 45. Qd6 Nf2 (45... Ne5 $142 46. Qc5 Ng4) 46. Rd2 Qe1 47. Qd4 Ne4 48. Rd1 ({Less strong is} 48. Rg2 Qc1+ 49. Qb2 (49. Kb4 Qe1+ 50. Ka3 Qc1+ 51. Qb2 Qc5+ 52. Ka2 Nc3+ 53. Ka1 Qf8 $18) 49... Qc5+ 50. Ka2 Nc3+ 51. Ka1 Qf8 52. Qc2+ Kh8 $18) 48... Qe2 49. Qd3 Qxd3 50. Rxd3 {[%emt 0:00:30] aiming for b4. KR-KN} g5 51. b4 {[%emt 0:00:30] b5 is the strong threat.} h5 52. b5 {[%emt 0:00:30] White mates.} axb5 53. axb5 g4 54. b6 Nc5 55. Rd5 Na6 56. b7 Kg7 57. Rd6 Nb8 58. Rd8 {[%emt 0:00:30] Weighted Error Value: White=0.12 (very precise) /Black=0.53} 1-0

[Event "3rd VIZAG GM-Open 2022"]
[Site "Visakapatnam"]
[Date "2022.06.15"]
[Round "8.17"]
[White "Subhayan Kundu"]
[Black "Allahverdiyeva, Ayan"]
[Result "1-0"]
[ECO "B96"]
[WhiteElo "2323"]
[BlackElo "2120"]
[Annotator "TA"]
[PlyCount "77"]
[EventDate "2022.06.13"]
[EventType "swiss"]
[EventCountry "IND"]
[SourceTitle "playchess.com"]
[Source "ChessBase"]
[SourceQuality "1"]
[TimeControl "5400+30"]

1. e4 c5 2. Nf3 d6 3. d4 cxd4 4. Nxd4 Nf6 5. Nc3 a6 6. Bg5 Nbd7 7. Bc4 Qb6 8. Bb3 e6 9. Qd2 Be7 10. O-O-O O-O 11. f4 Nc5 {[%emt 0:12:48] B96: Sicilian Najdorf: 6 Bg5 e6 7 f4, lines other than 7...Qb6 and 7...Be7.} 12. Rhe1 {[%emt 0:01:00] Strongly threatening e5.} h6 13. Bxf6 {[%emt 0:06:00] has lost popularity (13.h4).} Bxf6 {[%emt 0:02:53] The position is equal.} 14. Kb1 Qc7 15. Nf3 b5 {[%emt 0:03:46] Threatening ...Bxc3.} 16. Qxd6 Qxd6 17. Rxd6 {[%emt 0:00:04] [#]} Bxc3 $146 ({Predecessor:} 17... Bb7 18. e5 Be7 19. Rd2 Bxf3 {½-½ (19) Hunt,A (2462)-Shankland,S (2565) Fremont 2012}) 18. bxc3 Bb7 {[%emt 0:03:51] Inhibits Rc6.} 19. e5 Ne4 20. Rd7 Nxc3+ 21. Kb2 Bc6 (21... Bxf3 $5 22. gxf3 Rac8 $11) 22. Rd6 Na4+ 23. Bxa4 Bxf3 24. gxf3 {[%emt 0:00:07] Black must now prevent Bb3.} bxa4 $14 {[%emt 0:00:02][%mdl 4096] Endgame KRR-KRR} 25. Re4 Rab8+ 26. Kc1 Rfc8 27. Rxa4 Rc3 28. Rdxa6 {[%emt 0:00:06] Threatens to win with Ra8.} Rbc8 29. Ra8 {[%emt 0:00:07] Rxc8+ is the strong threat.} Rxc2+ 30. Kd1 Rc1+ ({Black should try} 30... Kh7 $14) 31. Kd2 $16 R1c2+ {[%emt 0:00:01] [#]} 32. Kd3 $1 R2c3+ (32... Kh7 $16 {was worth a try.}) 33. Kd4 $18 Kh7 (33... Kf8 {is a better defense.} 34. Rxc8+ Rxc8) 34. Rxc8 Rxc8 35. Rc4 {[%emt 0:01:13] Against Rc2} Rd8+ {[%emt 0:02:46] [#]} 36. Kc3 $1 Rd1 $2 (36... Kg6 {might work better.} 37. a4 Ra8) 37. a4 {[%emt 0:00:32][%cal Ba2a4,Ba4a5][%mdl 32] White is clearly winning.} h5 (37... Kg6 $142 38. a5 Kf5) 38. a5 h4 39. Ra4 {[%emt 0:00:40] Inhibits Ra1.  Weighted Error Value: White=0.04 (flawless) /Black=0.37} 1-0

[Event "3rd VIZAG GM-Open 2022"]
[Site "Visakapatnam"]
[Date "2022.06.16"]
[Round "9.1"]
[White "Paichadze, Luka"]
[Black "Stupak, Kirill"]
[Result "1/2-1/2"]
[ECO "C02"]
[WhiteElo "2567"]
[BlackElo "2440"]
[Annotator "TA"]
[PlyCount "119"]
[EventDate "2022.06.13"]
[EventType "swiss"]
[EventCountry "IND"]
[SourceTitle "playchess.com"]
[Source "ChessBase"]
[SourceQuality "1"]
[TimeControl "5400+30"]

1. e4 e6 2. d4 d5 3. e5 c5 4. c3 Qb6 5. Nf3 Nc6 6. a3 c4 7. Nbd2 Na5 8. Rb1 Bd7 9. b4 {[%emt 0:00:14] C02: French: Advance Variation.} (9. Be2 $11) 9... cxb3 $1 $15 10. Nxb3 Ba4 11. Nxa5 $1 {[%emt 0:00:33][%mdl 4] Black is slightly better. outshines the older 11.Nfd2.} Bxd1 12. Rxb6 axb6 13. Bb5+ Ke7 14. Kxd1 Rxa5 (14... bxa5 $15 15. Ke2 Kd8) 15. a4 $11 f6 {[%emt 0:00:03] [#]} 16. g4 $146 ({Predecessor:} 16. Re1 Rxb5 17. axb5 Kd7 18. Kc2 Ne7 19. g4 Ng6 20. h4 h5 21. Rg1 hxg4 22. Rxg4 {1-0 (50) Jones,G (2665)-Haria,R (2490) London 2021}) 16... Nh6 17. g5 fxg5 18. Nxg5 Rxb5 $1 19. axb5 Kd7 20. h4 Be7 21. Ke2 Nf5 22. h5 Bxg5 23. Bxg5 {[%emt 0:00:26][%mdl 4096] Endgame KRB-KRN} Ra8 24. h6 Ra2+ 25. Kd3 {[%emt 0:00:48] [#] Threatens to win with hxg7.} gxh6 26. Bxh6 Rxf2 27. Bd2 ({Avoid the trap} 27. Be3 $2 Rf3 28. Rxh7+ Kc8 $19) 27... h6 28. Bxh6 Nxh6 29. Rxh6 {[%emt 0:00:19] [#] Hoping for Rh7+. KR-KR} Rb2 $1 ({Don't take} 29... Rf3+ 30. Kd2 $16) 30. Rh7+ Ke8 31. Rc7 (31. Ke3 $5 Rxb5 32. Kf4 $16 (32. Rxb7 Rb3 $14)) 31... Rxb5 32. Kc2 Kd8 33. Rxb7 Ke8 $1 34. Ra7 Kd8 35. Rb7 Ke8 $1 36. c4 dxc4 {[%emt 0:02:45] The position is equal.} 37. Kc3 Kd8 38. Kxc4 Rb1 39. Kd3 Rd1+ 40. Ke3 Rb1 41. Kf4 Rb4 42. Kg5 Kc8 43. Ra7 Rxd4 44. Kf6 Rh4 45. Kxe6 Rh6+ 46. Kd5 {[%emt 0:00:05] e6 is the strong threat.} Kd8 47. Rg7 Ke8 48. Rb7 Kd8 49. Rb8+ Ke7 50. Ra8 Rg6 51. Ra7+ Ke8 52. Ke4 Rh6 53. Ra8+ Ke7 54. Kd5 Rg6 55. Rh8 Kd7 56. e6+ Rxe6 57. Rh7+ Re7 58. Rxe7+ Kxe7 59. Kc6 b5 60. Kxb5 {[%emt 0:00:03] Weighted Error Value: White=0.06 (flawless) /Black=0.04 (flawless)} 1/2-1/2

[Event "3rd VIZAG GM-Open 2022"]
[Site "Visakapatnam"]
[Date "2022.06.16"]
[Round "9.2"]
[White "Savchenko, Boris"]
[Black "Gusain, Himal"]
[Result "1-0"]
[ECO "B02"]
[WhiteElo "2524"]
[BlackElo "2396"]
[Annotator "TA"]
[PlyCount "131"]
[EventDate "2022.06.13"]
[EventType "swiss"]
[EventCountry "IND"]
[SourceTitle "playchess.com"]
[Source "ChessBase"]
[SourceQuality "1"]
[TimeControl "5400+30"]

1. e4 Nf6 2. e5 Nd5 3. Nc3 Nxc3 4. bxc3 d5 5. Rb1 c5 {[%emt 0:02:35] [#]} 6. Bb5+ $146 {[%emt 0:01:01] B02: Alekhine's Defence: Chase Variation and lines with early Nc3.} ({Predecessor:} 6. d4 Nc6 7. Nf3 Qc7 8. Be2 Bf5 9. Nh4 Be4 10. e6 fxe6 11. O-O cxd4 12. cxd4 O-O-O {1-0 (32) Castano,D (2316)-Castro Rojas,O (2367) El Bagre 2010}) 6... Nc6 7. d4 Qc7 8. dxc5 {[%emt 0:05:52] The position is equal.} Qxe5+ (8... e6 $5 ) 9. Ne2 e6 10. Bf4 Qf6 11. c4 Bxc5 12. cxd5 exd5 13. Qxd5 Be7 (13... Bb6 $11) 14. Be5 $1 $36 {[%emt 0:11:15][%mdl 2048] White is really pushing.} Qe6 15. Nf4 Qxd5 16. Nxd5 Bd8 17. Bxg7 {[%emt 0:00:54] White is much more active.} Rg8 18. Be5 a6 (18... Be6 $14 {is more appropriate.} 19. Nb4 a6 20. Bxc6+ (20. Nxc6 axb5 21. Nxd8 Rxd8 $11) 20... bxc6) 19. Bxc6+ $16 bxc6 20. Nb6 (20. Ne3 $1 $16) 20... Bxb6 $11 21. Rxb6 Rg5 22. Bd4 Rxg2 23. Kd2 Be6 24. a4 Rg4 25. c3 c5 26. Bxc5 Rxa4 27. Rg1 Ra2+ 28. Ke3 O-O-O (28... Kd7 {feels hotter.} 29. Rd1+ Kc7 30. Rdb1 Re8) 29. Bd4 Bd5 30. Rg7 (30. Rg5 $16) 30... Re8+ 31. Kf4 Kc7 {[%emt 0:01:03] Hoping for ...Re4+.} 32. Rb1 (32. Rxh7 $2 Re4+ 33. Kg5 Rxd4 $1 34. Rxa6 Rxa6 $19) (32. Rb4 $5 ) 32... h5 33. Kg5 Rae2 34. h4 R2e4 (34... Re1 $11 {remains equal.} 35. Rxe1 Rxe1) 35. Ra1 $16 (35. Kxh5 $6 Rh8+ 36. Kg5 Rexh4 $11) 35... Kb7 36. Rb1+ Kc7 $1 37. Ra1 ({Reject} 37. Kxh5 $6 Rh8+ 38. Kg5 Rexh4 $11) 37... Kb7 $1 38. Ra5 Bb3 (38... Rd8 $142) 39. f3 ({Much worse is} 39. Kxh5 $6 Rh8+ 40. Kg5 Rexh4 $11) 39... Re2 40. Kf4 Rh8 $2 {[%emt 0:00:59] [#] Black cannot hold the game after this.} (40... Rh2 $16 {might work better.}) 41. Rg1 $1 $18 Rb8 42. Rb1 {[%emt 0:01:33] Prevents Rb2.} ({Don't do} 42. Rxh5 Bc2 43. Rhg5 Rbe8) 42... Kc8 43. Rxh5 {[%emt 0:00:27] Threatens to win with Rh8+.} Rb7 (43... Re8 $142 44. Ra5 Bc2) 44. Rc5+ Kb8 45. h5 Bc2 46. Be5+ Ka7 47. Rxb7+ Kxb7 {[%emt 0:00:04][%mdl 4096] Endgame KRB-KRB} 48. Rc7+ Kb6 {[%emt 0:00:04][%cal Oe2e5] And now ...Rxe5! would win.} 49. Rxf7 {[%emt 0:00:05] Strongly threatening h6.} a5 $2 (49... Rh2 50. Kg4 Rg2+ 51. Kh4 Kc6) 50. h6 Rh2 51. Rf6+ (51. Kg5 $142 Rg2+ 52. Kh4) 51... Kb5 52. Ke3 Rh5 53. Kd4 Rh4+ $2 (53... Bb3 54. Bd6 Rd5+ 55. Ke3 Bc2) 54. f4 {[%emt 0:00:08] c4+ is the strong threat.} Rh3 55. c4+ Kb4 56. Rb6+ Ka4 57. c5 Bh7 58. Bg7 Rh1 59. c6 Rc1 60. Kd5 Rc2 61. Kd6 Rd2+ 62. Ke7 {[%emt 0:00:07] White mates.} Rc2 63. Be5 Ka3 64. c7 a4 65. Rb8 Bf5 66. h7 {[%emt 0:00:06] Weighted Error Value: White=0.18 (very precise) /Black=0.35} (66. Kf6 $142 Bh7 67. f5 Rxc7 68. Bxc7 Ka2 69. Rh8 Kb2 70. Be5+ Kb3 71. Rxh7) 1-0

[Event "3rd VIZAG GM-Open 2022"]
[Site "Visakapatnam"]
[Date "2022.06.16"]
[Round "9.3"]
[White "Audi Ameya"]
[Black "Harsha Bharathakoti"]
[Result "0-1"]
[ECO "B33"]
[WhiteElo "2389"]
[BlackElo "2547"]
[Annotator "TA"]
[PlyCount "90"]
[EventDate "2022.06.13"]
[EventType "swiss"]
[EventCountry "IND"]
[SourceTitle "playchess.com"]
[Source "ChessBase"]
[SourceQuality "1"]
[TimeControl "5400+30"]

1. e4 c5 2. Nf3 e6 3. d4 cxd4 4. Nxd4 Nf6 5. Nc3 Nc6 6. Ndb5 d6 7. Bf4 e5 8. Bg5 a6 9. Na3 Be6 10. Nc4 {[%emt 0:01:53] B33: Sicilian: Pelikan and Sveshnikov Variations.} Rb8 $1 {[%emt 0:00:19][%mdl 4] is more profitable than 10...Rc8 at the moment.} 11. Bxf6 (11. g3 {is more complex.} Nd4 12. Nd5 Be7 13. Bxf6 Bxf6 14. Nce3) 11... Qxf6 12. Nb6 ({Better is} 12. Nxd6+ $14 Bxd6 13. Qxd6) 12... Qg6 $11 13. h4 Be7 14. Qd2 {[%emt 0:01:00] [#]} Bd8 $146 ({Predecessor:} 14... h5 15. Nbd5 Bd8 16. a3 Qh6 17. Qxh6 Rxh6 18. Bd3 Rg6 19. Ne3 Rh6 20. Ncd5 g6 21. O-O-O b5 {0-1 (49) Cech,D (2114)-Kernazhitsky,L (2270) Tatranska Lomnica 2017}) 15. Nc4 O-O 16. h5 Qg5 17. Qxg5 Bxg5 18. Bd3 b5 19. Ne3 Bxe3 20. fxe3 Ne7 21. O-O-O h6 22. a3 Rfd8 23. Rd2 Kf8 24. Be2 Ng8 25. b4 Nf6 {[%emt 0:03:08] White must now prevent ...Rbc8.} 26. Bf3 Rbc8 27. Nd1 (27. Ne2 $17) 27... Rc4 28. Nb2 Rc3 29. Rd3 Rdc8 (29... Rc6 $19 30. Kb1 Rdc8) 30. Kb1 (30. Rxc3 $17 {keeps fighting.} Rxc3 31. Rd1) 30... Rxc2 31. Rxd6 R2c3 32. Rxa6 Rxe3 {[%emt 0:00:04] Black is much more active.} 33. Ra5 $2 {[%emt 0:00:25] [#]} (33. Nd1 $17 {is the only way for White.} Rb3+ 34. Nb2) 33... Nxe4 $19 34. Bxe4 Rxe4 35. Rxb5 Re3 (35... Re2 $2 36. Rc5 $19) 36. a4 $2 {[%emt 0:01:56] [#]} (36. Ra5 $19) 36... Bf5+ 37. Ka2 Be6+ $2 (37... Rcc3 {mates} 38. Nc4 Rxc4 39. Ka1 Rc2 40. g4 Be4 41. Rxe5 Ra3+ 42. Kb1 Rb3+ 43. Ka1 Bxh1 44. Rc5 Re2 45. Rc8+ Ke7 46. Rc7+ Kd6 47. Rc4 Rg3 48. Rc1 Be4 49. Rd1+ Ke7 50. Rd7+ Kxd7 51. b5 Rg1#) 38. Kb1 Bf5+ $2 (38... Ra3 $19 39. Nd1 (39. Rxe5 $2 Ba2+ 40. Ka1 Bb3+ 41. Kb1 Bc2+ 42. Kc1 Ra1+ 43. Kd2 Rxh1 $19) 39... Rxa4) 39. Ka2 Rcc3 40. Nd1 Ra3+ 41. Kb2 Reb3+ 42. Kc1 Ra2 {[%emt 0:00:02][%csl Gf5][%cal Rb3b1] Black mates.} 43. Rb8+ Ke7 44. Rb7+ Kf6 45. Rf1 Rb1# {[%emt 0:03:34] Black took control after the opening.  Weighted Error Value: White=0.45/Black=0.37} 0-1

[Event "3rd VIZAG GM-Open 2022"]
[Site "Visakapatnam"]
[Date "2022.06.16"]
[Round "9.4"]
[White "Mirzoev, Azer"]
[Black "Amonatov, Farrukh"]
[Result "0-1"]
[ECO "A49"]
[WhiteElo "2476"]
[BlackElo "2622"]
[Annotator "TA"]
[PlyCount "98"]
[EventDate "2022.06.13"]
[EventType "swiss"]
[EventCountry "IND"]
[SourceTitle "playchess.com"]
[Source "ChessBase"]
[SourceQuality "1"]
[TimeControl "5400+30"]

1. d4 Nf6 2. Nf3 g6 3. g3 Bg7 4. Bg2 O-O 5. O-O d6 6. b3 b5 {[%emt 0:02:06] A49: 1 d4 Nf6 2 Nf3 g6 3 g3: Anti-King's Indian systems.} 7. Ne1 c6 8. Bb2 a5 {[%emt 0:01:01] [#] The position is equal.} 9. Nd2 $146 ({Predecessor:} 9. Nd3 a4 10. c4 bxc4 11. bxc4 Bf5 12. Na3 Qc7 13. Re1 Be4 14. f3 Bxd3 15. Qxd3 {0-1 (56) Diermair,A (2455)-Pichot,A (2630) Belgrade 2021}) 9... Bb7 10. Nd3 Nbd7 11. c4 bxc4 12. bxc4 Qc7 13. Rb1 Rfb8 14. Qc2 e6 15. Rfc1 h5 16. h3 a4 17. Ba3 Nh7 (17... Bf8 $14) 18. Ne4 $1 $16 Bf8 (18... c5 $2 19. Rxb7 $1 (19. dxc5 Nxc5 20. Nexc5 dxc5 $16) 19... Qxb7 20. Nxd6 $18) 19. c5 d5 20. Nd6 Bg7 (20... Bh6 $16) 21. Bb2 (21. Rxb7 $6 Rxb7 22. Nxb7 Qxb7 $16) (21. Rd1 $18) 21... a3 ({Better is} 21... Ba6) 22. Bc3 Nhf6 23. e3 Ne8 24. Nxb7 Rxb7 25. Rxb7 Qxb7 26. Rb1 Qc8 27. Bf1 Nef6 28. Be1 Qc7 29. f4 $1 {[%emt 0:00:57] Prevents e5.} Ne4 30. Bg2 f5 31. Rb3 ({White should try} 31. Rb4) 31... g5 32. fxg5 e5 33. dxe5 Nxe5 (33... Bxe5 $16 34. Bxe4 fxe4) 34. Nf4 $18 Qf7 35. Qe2 (35. Qb1 $18 {is more deadly.}) 35... d4 (35... Nxg5 $16 36. Qxh5 Qxh5 37. Nxh5 Ngf3+ 38. Bxf3 Nxf3+ 39. Kf2 Ng5) 36. exd4 (36. Qc2 $18) 36... Qxb3 $16 37. axb3 a2 38. dxe5 a1=Q 39. Kh2 (39. Nxh5 Ra2 40. Qc4+ Kh8 $15) ({White has to play} 39. Bxe4 $16 Qd4+ 40. Bf2 Qxe4 41. Qxe4 fxe4 42. e6 (42. Nxh5 Ra1+ 43. Kg2 Bxe5 $11)) 39... h4 $11 40. Qc4+ (40. gxh4 Bxe5 41. Bxe4 Bxf4+ 42. Kg2 (42. Bg3 Bxg3+ 43. Kxg3 Qe5+ 44. Kf3 fxe4+ 45. Qxe4 Rf8+ 46. Ke3 Qg3+ 47. Ke2 Rf2+ 48. Kd1 Qg1+ 49. Qe1 Rf1) 42... fxe4 43. Qxe4 Qb2+ 44. Bf2 Be5 45. Qg6+ (45. Qxc6 $2 Rf8 $19) 45... Bg7 46. Qxc6 (46. Qe6+ $2 Kh8 $19) 46... Rf8 47. Qe6+ Kh8 $19) 40... Kh8 41. Nd3 (41. Ng6+ $2 Kh7 42. Nxh4 Qxe1 43. g6+ Kh8 44. Nxf5 Ra2 $19) 41... hxg3+ 42. Bxg3 Nxg3 {[%emt 0:00:24] Chess con chili.} 43. Kxg3 {[%emt 0:02:32] Qf4 is the strong threat.} Rd8 $36 {[%emt 0:01:08][%mdl 2048] Threatens to win with ...Qd1. White is under pressure.} 44. Qh4+ $1 (44. Bxc6 Rd4 45. Qe6 Rxd3+ 46. Kh4 Qxe5 47. Qe8+ Qxe8 48. Bxe8 Bd4 $19) 44... Kg8 45. Qc4+ Kf8 {[%emt 0:00:01] Strongly threatening ...Qd1.} 46. h4 $2 (46. Bxc6 Rd4 47. Qe6 Qg1+ 48. Bg2 f4+ 49. Kh4 f3+ 50. Nf4 Rxf4+ 51. Kh5 fxg2 $19) (46. Kf2 $1 $11 {and White has nothing to worry.}) 46... Rd4 $19 47. Qc2 {[%emt 0:00:18] [#]} Qg1 $2 ({But not} 47... Rg4+ $2 48. Kh3 Qd4 49. Bf3 (49. Qe2 $2 Rxh4+ 50. Kg3 Rg4+ 51. Kh3 Rxg5 $19) 49... Bxe5 50. Nxe5 Rxh4+ 51. Kg2 Qxe5 52. Qd1 $19) (47... Bxe5+ $1 48. Kf2 (48. Kh3 $2 Qg1 $19) (48. Nxe5 Qe1+) 48... Rxh4) 48. Nf2 $2 ({Don't blunder} 48. Qe2 $2 Rg4+ 49. Kh3 {[#]} Rxh4+ $3 50. Kg3 Re4 $19) (48. Kf3 $19) 48... Bxe5+ 49. Kf3 Rf4+ {[%emt 0:00:09][%mdl 64] Deflection. What a bad dream for White.  Weighted Error Value: White=0.35/Black=0.23 (precise)} 0-1

[Event "3rd VIZAG GM-Open 2022"]
[Site "Visakapatnam"]
[Date "2022.06.16"]
[Round "9.5"]
[White "Mitrabha, Guha"]
[Black "Kaustuv, Kundu"]
[Result "1-0"]
[ECO "A46"]
[WhiteElo "2500"]
[BlackElo "2327"]
[Annotator "TA"]
[PlyCount "97"]
[EventDate "2022.06.13"]
[EventType "swiss"]
[EventCountry "IND"]
[SourceTitle "playchess.com"]
[Source "ChessBase"]
[SourceQuality "1"]
[TimeControl "5400+30"]

1. d4 d5 2. Nf3 e6 3. g3 b5 4. Bg2 Bb7 5. O-O Nf6 6. a4 {[%emt 0:01:46] A46: 1 d4 Nf6 2 Nf3 e6: Torre, London and Colle Systems.} b4 7. a5 Be7 8. c3 {[%emt 0:00:30] The position is equal.} bxc3 9. Nxc3 O-O {[%emt 0:00:18] [#]} 10. Qa4 $146 ({Predecessor:} 10. Bf4 Na6 11. Rc1 c5 12. dxc5 Qxa5 13. Nd4 Nxc5 14. Ncb5 Rfc8 15. b4 Qb6 16. bxc5 Bxc5 {0-1 (30) Blohberger,F (2504)-Vusatiuk,V (2308) Chess.com INT 2022}) 10... Na6 11. Ne5 c5 12. Be3 Rb8 13. Rfc1 Ba8 (13... Bd6 $11) 14. Rcb1 (14. dxc5 $1 $14 Rb4 15. Qd1) 14... Bd6 $15 {[%emt 0:22:54] Strongly threatening ...Rb4.} 15. Nf3 Ng4 16. Bg5 f6 17. Bc1 Rb4 18. Qd1 cxd4 19. Nxd4 ({White should play} 19. Na2 $1 $15) 19... Nxf2 $1 $17 20. Qe1 (20. Qd2 $17 Qd7 21. e3 (21. Kxf2 $2 Rxd4 22. Qc2 Nb4 $19)) 20... Bc5 (20... Rxd4 $19 21. Qxf2 Rb4) 21. e3 Nd3 22. Qe2 Nxc1 (22... Bxd4 23. exd4 Nxc1 24. Qxe6+ (24. Qxa6 Nb3 $17) 24... Kh8 25. Rxc1 $15) 23. Qxa6 (23. Rxc1 $142 Qd6 24. Rc2) 23... Bxd4 24. exd4 Nb3 25. Qxe6+ Kh8 26. Ra2 (26. Ra4 $17 {was the only defense.} Rxa4 27. Nxa4) 26... Nxd4 27. Qa6 Nf5 (27... Qe7 $19 {And now ...Rc4 would win.} 28. Qf1 Qc5) 28. Qxa7 {[%emt 0:00:30] [#]} (28. Bh3 $2 d4 29. Qd3 (29. Bxf5 $2 dxc3 30. bxc3 Rxb1+ 31. Bxb1 Qd5 $19) 29... Ne3 $19) 28... d4 (28... Re8 $1 $17 {Threatens to win with ...Rb8.} 29. Ra4 Rb8) 29. Qxa8 $11 (29. Qc5 $2 {[#]} dxc3 $1 30. Qxb4 Bxg2 31. bxc3 (31. Kxg2 $2 Re8 $19) 31... Ba8 $19) 29... Qxa8 30. Bxa8 Rxa8 31. Ne4 h5 32. Nc5 Nd6 ({Better is} 32... Ne7 $14) 33. b3 Rb5 ({Black should try} 33... Kg8) 34. b4 $16 {[%emt 0:00:02] White is more active.} Nc4 35. a6 Ra7 36. Kf2 Kh7 37. Ke2 Ne5 38. Ra5 Rb6 (38... d3+ {is a better defense.} 39. Nxd3 Rxa5 40. bxa5 Rxa6) 39. b5 $18 Nc4 40. Ra4 Nd6 41. Rab4 h4 42. Kd3 ({Don't do} 42. Rxd4 $6 hxg3 43. hxg3 (43. Rh4+ Kg6 $16) 43... Rxb5 $16) 42... hxg3 43. hxg3 Re7 $2 (43... Kg6 44. g4 Kh7 45. Kxd4 Kg6) 44. Na4 {[%emt 0:00:51] White is clearly winning.} Re3+ 45. Kxd4 Nf5+ 46. Kc5 Rd6 {[%emt 0:00:22] [#]} (46... Rb8 $142 47. a7 Re5+ 48. Kc4 Rc8+ 49. Kb3 Ra8) 47. Rh4+ $1 Kg6 48. Rg4+ Kf7 49. a7 {[%emt 0:00:30] Never resign too early!  Weighted Error Value: White=0.18 (very precise) /Black=0.30} 1-0

[Event "3rd VIZAG GM-Open 2022"]
[Site "Visakapatnam"]
[Date "2022.06.16"]
[Round "9.6"]
[White "Subhayan Kundu"]
[Black "Fedorov, Alexei"]
[Result "1/2-1/2"]
[ECO "B45"]
[WhiteElo "2323"]
[BlackElo "2529"]
[Annotator "TA"]
[PlyCount "69"]
[EventDate "2022.06.13"]
[EventType "swiss"]
[EventCountry "IND"]
[SourceTitle "playchess.com"]
[Source "ChessBase"]
[SourceQuality "1"]
[TimeControl "5400+30"]

1. e4 c5 2. Nf3 e6 3. d4 cxd4 4. Nxd4 Nf6 5. Nc3 Nc6 6. Nxc6 bxc6 7. e5 Nd5 8. Ne4 Bb7 9. c4 {[%emt 0:01:02][%cal Bc2c4,Bc4c5,Bc5d6][%mdl 32] B45: Sicilian Four Knights.} Nb4 10. c5 {[%emt 0:11:23] Threatens to win with Qb3.} Qb8 11. Nd6+ Bxd6 12. cxd6 Ba6 13. Qg4 Nd3+ $1 14. Bxd3 Bxd3 {[%emt 0:00:24] [#]} 15. Qxg7 $146 {[%emt 0:03:53][%cal Rg7h8] [#]} ({Predecessor:} 15. Qd4 Ba6 16. Bd2 Qb5 17. O-O-O O-O 18. Rhe1 c5 19. Qg4 f5 20. exf6 Rxf6 21. Re5 {½-½ (30) Ruefenacht,M (2392)-Chorfi,K (2095) ICCF email 2006}) 15... Qb4+ 16. Bd2 Qe4+ 17. Be3 O-O-O 18. Qg3 Rhg8 {[%emt 0:19:34][%mdl 64] [#] Deflection} 19. Qf4 {[%emt 0:00:12] Black should prevent Qxe4.} Qxg2 20. O-O-O {[%emt 0:22:33] aiming for Qd4.} Rg4 21. Rhg1 {[%emt 0:00:03] The board is on fire.} Rxf4 ({Resist} 21... Qxg1 22. Rxg1 Rxf4 23. Bxf4 $16) 22. Rxg2 Rc4+ 23. Kd2 Be4 24. Rg3 ({Wrong is} 24. Rg4 $2 Rc2+ 25. Ke1 Bf3 $19) 24... Rc2+ 25. Ke1 Rxb2 26. Rd4 Bd5 (26... Bc2 $5 ) 27. Ra4 {[%emt 0:00:49] The position is equal.} Rxa2 28. Rxa2 Bxa2 $11 {[%emt 0:00:02][%mdl 4096] Endgame KRB-KRB} 29. Rg4 {[%emt 0:00:09] Strongly threatening Ra4.} Bd5 30. Ra4 {[%emt 0:03:20][%cal Oe3b6] Bb6! is the strong threat.} c5 31. Rxa7 Bb7 32. Bxc5 Rg8 33. Ra3 Rg5 34. Bd4 Rg4 35. Rg3 {[%emt 0:01:43] An interesting draw.  Weighted Error Value: White=0.06 (flawless) /Black=0.03 (flawless)} 1/2-1/2